 Dungeon Crawl Stone Soup version 0.14-a0-586-g2535b90 (console) character file.

3770 vanez the Nimble (level 9, -2/75 HPs)
             Began as a Minotaur Berserker on Nov 4, 2013.
             Was a High Priest of Trog.
             Slain by an orc priest
             ... wielding a -1,+0 orcish hand axe
              (6 damage)
             ... on Level 3 of the Orcish Mines.
             The game lasted 02:14:03 (7268 turns).

vanez the Nimble (Minotaur Berserker)               Turns: 7268, Time: 02:14:06

HP  -2/75        AC  9     Str 25      XL: 9   Next: 54%
MP   0/1         EV 13     Int  4      God: Trog [*****.]
Gold 776         SH 21     Dex 10      Spells:  0 memorised,  8 levels left

Res.Fire  : . . .   See Invis. : .   a - +2,+4 long sword (antimagic)
Res.Cold  : . . .   Warding    : .   d - +2 leather armour {MR+}
Life Prot.: . . .   Conserve   : +   N - +0 shield
Res.Poison: .       Res.Corr.  : +   (helmet restricted)
Res.Elec. : .       Clarity    : .   r - +0 dwarf cloak {rCorr, Cons}
Sust.Abil.: + .     Spirit.Shd : +   p - +0 pair of gloves
Res.Mut.  : .       Stasis     : .   B - +0 pair of orc boots
Res.Rott. : .       Flight     : .   s - amulet of guardian spirit
Saprovore : . . .                    C - ring of sustenance
                                     K - ring of sustain abilities

@: mildly poisoned, somewhat resistant to hostile enchantments, unstealthy
A: retaliatory headbutt, horns 2
a: Burn Spellbooks, Berserk, Trog's Hand, Brothers in Arms, Renounce Religion


You were on level 3 of the Orcish Mines.
You worshipped Trog.
Trog was extremely pleased with you.
You were not hungry.

You visited 2 branches of the dungeon, and saw 11 of its levels.

You collected 863 gold pieces.
You spent 87 gold pieces at shops.

Inventory:

Hand weapons
 a - a +2,+4 anti-magic long sword (weapon)
 b - a +0 blowgun
 q - a -1,+4 orcish mace
 L - a +4,+2 anti-magic scimitar
 X - a +0,+0 sabre
Missiles
 f - 15 arrows of dispersal
 n - 29 poisoned needles
 v - 11 tomahawks
 w - a dart of frost
 y - 11 poisoned bolts
 D - 13 darts of flame (quivered)
Armour
 d - a +2 leather armour of magic resistance (worn)
 p - a +0 pair of gloves (worn)
 r - a +0 dwarven cloak of preservation (worn)
 x - a +1 dwarven scale mail of cold resistance
 B - a +0 pair of orcish boots (worn)
 N - a +0 shield (worn)
 P - a +0 orcish plate armour
 S - the +1 leather armour of the Monkey's Uncle {Str-3 Dex+4, unknown}
   (You found it on level 8 of the Dungeon)

   It affects your strength (-3).
   It affects your dexterity (+4).
Magical devices
 F - a wand of flame (0)
Comestibles
 k - 3 meat rations
 l - 2 bread rations
 o - 2 pears
Scrolls
 c - a scroll of enchant armour {unknown}
 g - 2 scrolls of teleportation
 i - 2 scrolls of noise
 u - a scroll of remove curse
 A - 2 scrolls of magic mapping
 G - 3 scrolls of amnesia
 T - a scroll of identify
 W - a scroll of immolation {unknown}
Jewellery
 e - an uncursed ring of protection from cold {unknown}
 s - an amulet of guardian spirit (around neck)
 t - an uncursed ring of protection from fire {unknown}
 z - an uncursed ring of protection from magic {unknown}
 C - a ring of sustenance (right hand)
 I - an uncursed ring of ice
 K - a ring of sustain abilities (left hand)
 Q - an uncursed amulet of the gourmand {unknown}
 R - a +4 ring of dexterity {unknown}
Potions
 h - a potion of confusion {unknown}
 j - 3 potions of restore abilities
 m - a potion of cure mutation {unknown}
 H - a potion of speed {unknown}
 J - a potion of invisibility
 M - 2 potions of magic {unknown}
 O - 3 potions of curing
 V - a potion of heal wounds {unknown}
Magical staves
 E - an uncursed staff of energy {unknown}


   Skills:
 + Level 6.7 Fighting
 + Level 1.9 Short Blades
 + Level 7.7 Long Blades
 + Level 1.2 Throwing
 + Level 6.4 Armour
 + Level 8.9 Dodging
 + Level 2.0 Stealth
 + Level 5.8 Shields


You had 8 spell levels left.
You didn't know any spells.

Dungeon Overview and Level Annotations

Branches:
Dungeon (8/27)             Temple (0/1) D:6             Orc (3/4) D:8
    Elf: Orc:3-4       Lair: D:8-13

Altars:
Ashenzari
Fedhas
Vehumet
Xom
Yredelemnul
the Shining One

Shops:
D:4 [

Portals:
Bailey: Orc:3

Annotations:
Orc:3 Erica


Innate Abilities, Weirdness & Mutations

You reflexively headbutt those who attack you in melee.
You have a pair of horns on your head.


Message History

Something smites you!
Found a flagged portal.
Erica comes into view.
She is wielding a scimitar of flaming.
Erica shouts!
Erica mumbles some strange words.
Erica flickers and vanishes!
Deactivating autopickup; reactivate with Ctrl-A.
You block the orc priest's attack. The orc hits you with an orcish flail.
The orc priest mumbles some strange prayers to Beogh against you.
Something smites you!
Found a spear.
An orc comes into view.
The goblin shouts!
You hear some strange, mumbled words.
The bolt of poison hits you!
You are poisoned.
* * * LOW HITPOINT WARNING * * *
The orc priest closely misses you.
The orc priest hits you with an orcish hand axe.
You die...

......#..............##
....[##...............# .#
..........#....#......#...#
..........##...........#..#
.....#.....#...#...........
..#...#.........#......#...
..##.###.........o......#.
.................oo..o...#
#.##............@o.......o
# ##....#........>.......
##....#............).
#.....###...{.....)∩)
...... ###...g..... .###$
.....#... ## #......#.
.......# #..


You could see 2 orc priests, 3 orcs and a goblin.

Vanquished Creatures
  Eustachio (D:7)
  A merfolk (D:7)
  A hippogriff (D:7)
  3 orc warriors
  A phantom (D:6)
  4 ogres
  2 centaurs
  An ice beast (D:8)
  A yellow wasp (D:8)
  Sigmund (D:6)
  3 giant frogs
  Dowan (D:7)
  2 hounds
  2 scorpions (D:7)
  An orc priest (Orc:1)
  A giant frog zombie (D:8)
  A quasit (D:8)
  8 orc wizards
  A giant frog skeleton (D:6)
  2 big fish (D:7)
  An iguana (D:7)
  A statue (D:8)
  8 worker ants
  A big kobold zombie (D:8)
  Ijyb (D:7)
  A sky beast zombie (D:8)
  2 ogre zombies
  18 adders
  4 worms
  An adder zombie (D:6)
  A giant eyeball (D:6)
  6 giant geckos
  48 orcs
  A ball python (D:4)
  8 bats
  A bat zombie (D:6)
  12 goblins
  11 hobgoblins
  19 kobolds
  3 quokkas
  3 giant cockroaches
  3 giant newts
  A gnoll zombie (D:5)
  A hobgoblin skeleton (D:4)
  A hobgoblin zombie (D:6)
  12 jackals
  A kobold zombie (D:5)
  An orc skeleton (D:6)
  14 rats
223 creatures vanquished.

Vanquished Creatures (others)
  Duvessa (D:7)
1 creature vanquished.

Grand Total: 224 creatures vanquished

Notes
Turn   | Place    | Note
--------------------------------------------------------------
     0 | D:1      | vanez, the Minotaur Berserker, began the quest for the Orb.
     0 | D:1      | Reached XP level 1. HP: 19/19 MP: 0/0
   217 | D:1      | Found a shattered altar of Ashenzari.
   242 | D:1      | Reached XP level 2. HP: 26/26 MP: 0/0
   372 | D:1      | Reached skill level 4 in Fighting
   394 | D:1      | Identified a +0 dwarven cloak of preservation (You found it on level 1 of the Dungeon)
   600 | D:1      | Acquired Trog's second power
   685 | D:2      | Reached XP level 3. HP: 19/33 MP: 1/1
   939 | D:2      | Reached XP level 4. HP: 40/40 MP: 1/1
  1549 | D:3      | Reached skill level 5 in Long Blades
  1931 | D:3      | Found a blossoming altar of Fedhas.
  2200 | D:4      | Reached XP level 5. HP: 46/46 MP: 1/1
  2587 | D:4      | Found Twolaont's Armour Boutique.
  2669 | D:4      | Bought a +0 pair of orcish boots for 22 gold pieces
  2669 | D:4      | Bought a +0 shield for 65 gold pieces
  2695 | D:4      | Acquired Trog's third power
  2697 | D:4      | Reached XP level 6. HP: 50/53 MP: 2/2
  2898 | D:5      | Entered Level 5 of the Dungeon
  2910 | D:5      | Reached skill level 5 in Fighting
  2938 | D:5      | Found a shimmering altar of Xom.
  2939 | D:5      | Found a shimmering altar of Xom.
  3302 | D:5      | Reached skill level 5 in Dodging
  3442 | D:6      | Reached skill level 1 in Shields
  3447 | D:6      | Reached XP level 7. HP: 50/60 MP: 2/2
  3460 | D:6      | Noticed Sigmund
  3474 | D:6      | Killed Sigmund
  3483 | D:6      | Found a basalt altar of Yredelemnul.
  3490 | D:6      | Reached skill level 1 in Stealth
  3647 | D:6      | Reached skill level 6 in Long Blades
  3979 | D:6      | Found a staircase to the Ecumenical Temple.
  4048 | D:6      | Reached skill level 5 in Armour
  4140 | D:7      | Noticed Eustachio
  4155 | D:7      | Killed Eustachio
  4155 | D:7      | Reached XP level 8. HP: 68/68 MP: 2/2
  4234 | D:7      | Found a shattered altar of Ashenzari.
  4600 | D:7      | Noticed Dowan
  4610 | D:7      | Noticed Duvessa
  4624 | D:7      | Killed Duvessa
  4645 | D:7      | Killed Dowan
  4645 | D:7      | Reached skill level 1 in Short Blades
  4778 | D:7      | Noticed a merfolk
  4804 | D:7      | Killed a merfolk
  4995 | D:7      | Reached skill level 7 in Dodging
  5089 | D:7      | Reached skill level 5 in Shields
  5198 | D:7      | Noticed Ijyb
  5206 | D:7      | Killed Ijyb
  5316 | D:8      | Received a gift from Trog
  5544 | D:8      | Found a staircase to the Orcish Mines.
  5565 | D:8      | Got a twisted leather armour
  5640 | D:8      | Reached skill level 8 in Dodging
  5640 | D:8      | Reached XP level 9. HP: 68/74 MP: 1/3
  5869 | D:8      | Paralysed by a yellow wasp for 1 turns
  6269 | D:8      | Found a glowing golden altar of the Shining One.
  6446 | D:8      | Found a radiant altar of Vehumet.
  6559 | D:8      | Reached skill level 1 in Throwing
  6605 | Orc:1    | Entered Level 1 of the Orcish Mines
  7204 | Orc:3    | Received a gift from Trog
  7265 | Orc:3    | Found a flagged portal.
  7266 | Orc:3    | Noticed Erica
  7268 | Orc:3    | Slain by an orc priest

Action                   |  1- 3 |  4- 6 |  7- 9 || total
-------------------------+-------+-------+-------++-------
Melee: Falchion          |    69 |   180 |    99 ||   348
       Sabre             |       |       |    85 ||    85
       Long sword        |       |       |    74 ||    74
       Scimitar          |       |       |   155 ||   155
 Fire: Blowgun           |       |     2 |       ||     2
Throw: Dart              |       |       |     9 ||     9
Invok: Berserk           |       |     1 |     9 ||    10
       Burn Spellbooks   |       |     1 |     2 ||     3
       Brothers in Arms  |       |       |     1 ||     1
       Trog's Hand       |       |       |     1 ||     1
  Use: Scroll            |     4 |    10 |     2 ||    16
       Potion            |       |     2 |     4 ||     6
